 Dungeon Crawl Stone Soup version 0.15.0-16-gce31824 (console) character file.

2678 gw the Cleaver (level 9, -1/80 (82) HPs)
             Began as a Deep Dwarf Fighter on Sept 5, 2014.
             Was a Follower of Makhleb.
             Succumbed to a killer bee's poison
             ... on Level 5 of the Dungeon.
             The game lasted 00:05:17 (6709 turns).

gw the Cleaver (Deep Dwarf Fighter)                 Turns: 6709, Time: 00:05:17

HP  -1/80 (82)   AC 15     Str 21      XL: 9   Next: 37%
MP  11/11        EV  6     Int  7 (8)  God: Makhleb [*.....]
Gold 0           SH  0     Dex 15      Spells:  0 memorised,  8 levels left

rFire  . . .     SeeInvis .     e - +0 battleaxe
rCold  . . .     Clarity  +     q - +0 plate armour
rNeg   . . .     rCorr    .     (no shield)
rPois  .         rRot     .     u - +0 helmet
rElec  .         Spirit   .     (no cloak)
SustAb .         Warding  .     (no gloves)
rMut   .         Stasis   .     n - +0 pair of boots
Gourm  .                        p - amulet of clarity
MR     ++...                    (no ring)
                                c - ring of protection from magic

@: lethally poisoned, non-regenerating, very resistant to hostile enchantments,
extremely unstealthy
A: damage resistance, recharge devices, sense surroundings 2, slow healing 3
a: Device Recharging, Renounce Religion


You were on level 5 of the Dungeon.
You worshipped Makhleb.
Makhleb was aware of your devotion.
You were hungry.

You visited 2 branches of the dungeon, and saw 9 of its levels.

Inventory:

Hand weapons
 e - a +0 battleaxe (weapon)
Missiles
 b - 2 tomahawks
 i - 166 stones (quivered)
Armour
 n - a +0 pair of boots (worn)
 q - a +0 plate armour (worn)
 u - a +0 helmet (worn)
Magical devices
 d - a wand of heal wounds (1)
 k - a wand of teleportation (0)
 v - a wand of random effects (5)
Comestibles
 f - 9 bread rations
 h - 2 meat rations
 j - 2 beef jerkies
 o - a fruit
Scrolls
 g - a scroll of magic mapping
 r - a scroll of remove curse
 t - 6 scrolls of identify
Jewellery
 c - a ring of protection from magic (left hand)
 p - an amulet of clarity (around neck)
Potions
 a - a potion of brilliance {unknown}
 l - 2 potions of curing


   Skills:
 + Level 6.0 Fighting
 * Level 8.9 Axes
 + Level 4.4 Throwing
 + Level 6.9 Armour
   Level 3.2 Shields
 + Level 4.1 Invocations


You had 8 spell levels left.
You didn't know any spells.

Dungeon Overview and Level Annotations

Branches:
Dungeon (8/15)             Temple (1/1) D:6
   Lair: D:8-11

Altars:
Ashenzari
Cheibriados
Dithmenos
Elyvilon
Makhleb
Nemelex Xobeh
Okawaru
Qazlal
Sif Muna
Trog
Vehumet
Xom
Yredelemnul
Zin
The Shining One

Annotations:
D:4 exclusion: downstairs
D:5 exclusion: downstairs, Grinder; gw's ghost, average DDFi
D:6 exclusion: downstairs
D:7 exclusion: downstairs
D:8 Prince Ribbit


Innate Abilities, Weirdness & Mutations

You are resistant to damage.
You can recharge devices by infusing magical energy.
You passively map the area around you.
You do not heal naturally.


Message History

MOVING TO (2,0)
You feel sick. The killer bee stings you.
You are more poisoned.
The killer bee poisons you!
MOVING TO (1,0)
You feel sick. The killer bee stings you.
You are more poisoned.
The killer bee poisons you!
MOVING TO (8,-1)
You feel very sick. The killer bee stings you.
MOVING TO (7,-1)
You feel sick.
The killer bee stings you but does no damage.
MOVING TO (6,-1)
You feel sick. The killer bee stings you!
MOVING TO (5,0)
You feel sick. The killer bee stings you.
MOVING TO (4,0)
You die...

.###)...#.####..##+#......##'##+#
...#....#...#......#......#...#..
...+....#...#.<....'......#...#..
##+#....'...'.W....#......#...#..
........#...#......#......'...'..
........#'######..##......######'
........#...####..###+#.....###..
........#.............#.....#....
........#....Wy.g.....'.....+....
##'#....'.....##..###+#.....#'##.
...'....#.....##..##..##.......#.
...#....#.....##.......#.......#.
'###....#.....##.##....'.......#.
...#....+.......####...#.......'.
...'....#.......#_~#...#.......#.
...#....###'#####.####'#.....%.#.
##'#...........##.'....$.......#.


You could see a killer bee and gw's ghost.

Table legend:
 A = Turns spent in this place as a percentage of turns spent in the entire game.
 B = Non-inter-level travel turns spent in this place as a percentage of non-inter-level travel turns spent in the entire game.
 C = Inter-level travel turns spent in this place as a percentage of turns spent in this place.
 D = Turns resting spent in this place as a percentage of non-inter-level travel turns spent in this place.
 E = Turns spent auto-exploring this place as a percentage of non-inter-level travel turns spent in this place.
 F = Non-inter-level travel turns spent in this place divided by the number of levels of this place that you've seen.
                   A       B       C       D       E      F
               +-------+-------+-------+-------+-------+----------------------
         Total | 100.0 | 100.0 |   1.2 |   0.2 |  14.8 | 282.4
       Dungeon |  98.8 |  98.8 |   1.2 |   0.1 |  14.7 | 313.9
        Temple |   1.2 |   1.2 |   3.1 |   6.5 |  22.6 |  31.0
               +-------+-------+-------+-------+-------+----------------------

Table legend:
 A = Kills in this place as a percentage of kills in entire the game.
 B = Kills by you in this place as a percentage of kills by you in the entire game.
 C = Kills by friends in this place as a percentage of kills by friends in the entire game.
 D = Other kills in this place as a percentage of other kills in the entire game.
 E = Experience gained in this place as a percentage of experience gained in the entire game.
 F = Experience gained in this place divided by the number of levels of this place that you have seen.
                   A       B       C       D       E      F
               +-------+-------+-------+-------+-------+----------------------
         Total | 100.0 | 100.0 |  -nan | 100.0 | 100.0 | 425.1
       Dungeon | 100.0 | 100.0 |  -nan | 100.0 | 100.0 | 478.2
               +-------+-------+-------+-------+-------+----------------------

Vanquished Creatures
  A spriggan (D:7)
  A steam dragon (D:7)
  A black bear (D:7)
  A phantom (D:5)
  2 centaurs
  2 sky beasts
  2 necrophages (D:7)
  An ogre (D:7)
  4 giant frogs
  A big kobold (D:7)
  2 scorpions
  5 jellies
  2 killer bees
  A crimson imp (D:7)
  An orc priest (D:6)
  A giant frog skeleton (D:7)
  4 orc wizards
  4 hounds
  3 iguanas
  3 worker ants
  A gnoll shaman (D:4)
  Jessica (D:2)
  A hound skeleton (D:5)
  6 adders
  13 gnolls
  4 worms
  A shadow imp (D:5)
  3 giant geckos
  22 orcs
  5 giant cockroaches
  11 goblins
  20 hobgoblins
  6 jackals (D:2)
  2 quokkas
  3 ball pythons
  16 bats
  A giant gecko skeleton (D:5)
  5 giant newts
  A hobgoblin zombie (D:5)
  16 kobolds
  An orc zombie (D:7)
  18 rats
  A rat zombie (D:5)
200 creatures vanquished.

Vanquished Creatures (others)
  A killer bee (D:8)
  An orc priest (D:8)
  An orc (D:8)
  A kobold (D:6)
  3 giant spores
7 creatures vanquished.

Grand Total: 207 creatures vanquished

Notes
Turn   | Place    | Note
--------------------------------------------------------------
     0 | D:1      | gw, the Deep Dwarf Fighter, began the quest for the Orb.
     0 | D:1      | Reached XP level 1. HP: 20/20 MP: 1/1
   250 | D:1      | Reached XP level 2. HP: 27/27 MP: 2/2
  1005 | D:2      | Reached XP level 3. HP: 33/33 MP: 3/3
  1119 | D:2      | Noticed Jessica
  1132 | D:2      | Killed Jessica
  1132 | D:2      | Reached skill level 1 in Throwing
  1427 | D:2      | Reached XP level 4. HP: 32/42 MP: 4/4
  1530 | D:2      | Reached skill level 4 in Armour
  2041 | D:3      | Reached XP level 5. HP: 18/49 MP: 5/5
  2158 | D:3      | Found a white marble altar of Elyvilon.
  2159 | D:3      | Found a shadowy altar of Dithmenos.
  3142 | D:4      | Reached XP level 6. HP: 50/57 MP: 6/6
  3303 | D:4      | Reached skill level 5 in Axes
  3881 | D:4      | Reached XP level 7. HP: 30/64 MP: 7/7
  3924 | D:5      | Entered Level 5 of the Dungeon
  3927 | D:5      | Noticed Grinder
  4088 | D:5      | Reached skill level 5 in Armour
  4212 | D:5      | Reached skill level 6 in Axes
  4748 | D:5      | Found a stormy altar of Qazlal.
  4748 | D:5      | Found an iron altar of Okawaru.
  5000 | D:5      | Noticed gw's ghost (average DDFi)
  5140 | D:6      | Reached XP level 8. HP: 24/73 MP: 7/7
  5177 | D:6      | Reached skill level 7 in Axes
  5182 | D:6      | Reached skill level 5 in Fighting
  5310 | D:6      | Found a staircase to the Ecumenical Temple.
  5319 | Temple   | Entered the Ecumenical Temple
  5329 | Temple   | Became a worshipper of Makhleb the Destroyer
  5681 | D:8      | Reached skill level 1 in Invocations
  5693 | D:8      | Noticed Prince Ribbit
  5737 | D:8      | HP: 3/75 [killer bee (1)]
  5872 | D:7      | Reached skill level 8 in Axes
  6044 | D:7      | Gained mutation: You passively map the area around you. [level up]
  6044 | D:7      | Reached XP level 9. HP: 45/80 MP: 10/10
  6471 | D:7      | Acquired Makhleb's first power
  6651 | D:7      | HP: 4/80 [two-headed ogre zombie (4)]
  6707 | D:5      | HP: 3/80 [killer bee (6)]
  6708 | D:5      | HP: 1/80 [poisoned by a killer bee]
  6709 | D:5      | Succumbed to a killer bee's poison

Action                   |  1- 3 |  4- 6 |  7- 9 || total
-------------------------+-------+-------+-------++-------
Melee: War axe           |   102 |   223 |     4 ||   329
       Battleaxe         |       |       |   272 ||   272
Throw: Stone             |    88 |   162 |   152 ||   402
 Abil: Device Recharging |       |       |     4 ||     4
Evoke: Wand              |       |     4 |    24 ||    28
  Use: Scroll            |     5 |     4 |     5 ||    14
       Potion            |       |     7 |     4 ||    11
  Eat: Chunk             |     2 |     9 |     9 ||    20

Vault maps used:
D:1:      roderic_crossed_star
D:2:      first_bread, uniq_jessica
D:3:      grunt_temple_overflow_open
D:5:      gammafunk_temple_overflow_elements, corexii_shack, uniq_grinder
D:6:      fedhas_altar_4, old_standard_altar, minmay_temple_entry_mist,
          grunt_decor_fettered, nemelex_altar_shiori
D:7:      basic_altar, the_bakery
D:8:      enter_bailey_8, uniq_prince_ribbit1
Temple:   triangle_lava_temple_11
